 Dungeon Crawl Stone Soup version 0.19.5 (webtiles) character file.

618 HouseofHex the Covered (level 7, -1/60 HPs)
             Began as a Minotaur Fighter on Apr 2, 2017.
             Succumbed to an orc wizard's poison
             ... on level 4 of the Dungeon.
             The game lasted 00:10:43 (3724 turns).

HouseofHex the Covered (Minotaur Fighter)           Turns: 3724, Time: 00:10:44

Health: -1/60      AC:  7    Str: 23    XL:     7   Next: 21%
Magic:  6/6        EV:  8    Int:  5    God:
Gold:   218        SH: 10    Dex:  9    Spells: 0 memorised, 6 levels left

rFire  . . .     SeeInvis .     m - +2 short sword (holy)
rCold  . . .     Gourm    .     b - +0 scale mail
rNeg   . . .     Faith    .     c - +0 shield
rPois  .         Spirit   .     (helmet restricted)
rElec  .         Reflect  .     (no cloak)
rCorr  .         Harm     .     (no gloves)
MR     .....                    (no boots)
Stlth  +.........               (no amulet)
                                (no ring)
                                l - ring of stealth

@: lethally poisoned (-1 -> -20)
A: retaliatory headbutt, horns 2
a: no special abilities


You were on level 4 of the Dungeon.
You were not hungry.

You visited 1 branch of the dungeon, and saw 4 of its levels.

You collected 218 gold pieces.

Inventory:

Hand Weapons
 a - a +0 long sword
 m - a +2 short sword of holy wrath (weapon)
Armour
 b - a +0 scale mail (worn)
 c - a +0 shield (worn)
Jewellery
 l - a ring of stealth (left hand)
Wands
 n - a wand of polymorph (8/24)
Scrolls
 j - 2 scrolls of identify
 k - a scroll of enchant armour {unknown}
 p - 2 scrolls of fog {unknown}
 q - 3 scrolls of magic mapping {unknown}
Potions
 d - 2 potions of might
 i - a potion of cure mutation
 o - a potion of berserk rage {unknown}
 r - a potion of agility {unknown}
 s - a potion of magic {unknown}
Books
 h - a book of Conjurations

   Spells                             Type                      Level
   a - Magic Dart                     Conjuration                  1
   b - Searing Ray                    Conjuration                  2
   c - Dazzling Spray                 Conjuration/Hexes            3
   d - Fulminant Prism                Conjuration/Hexes            4
   e - Iskenderun's Mystic Blast      Conjuration                  4
   f - Iskenderun's Battlesphere      Conjuration/Charms           5
Comestibles
 f - 2 bread rations
 g - 2 meat rations


   Skills:
 + Level 4.7 Fighting
 + Level 4.7(5.1) Short Blades
 + Level 2.8(4.3) Long Blades
   Level 0.5 Maces & Flails
 + Level 5.8 Armour
 + Level 1.9 Dodging
 + Level 5.5 Shields


You had 6 spell levels left.
You didn't know any spells.

Dungeon Overview and Level Annotations

Branches:
Dungeon (4/15)
 Temple: D:4-7

Altars:
Dithmenos
Yredelemnul


Innate Abilities, Weirdness & Mutations

You reflexively headbutt those who attack you in melee.
You have a pair of horns on your head.


Message History

An orc comes into view. It is wielding a club.
The orc shouts!
An orc comes into view. It is wielding a mace.
The orc shouts!
The orc throws a tomahawk.
You block the tomahawk.
You see here a tomahawk.
* * * LOW HITPOINT WARNING * * *
You feel very sick.
* * * LOW HITPOINT WARNING * * *
You feel sick.
* * * LOW HITPOINT WARNING * * *
You feel very sick.
The orc throws a tomahawk.
You block the tomahawk.
You see here a tomahawk.
* * * LOW HITPOINT WARNING * * *
You feel sick.
* * * LOW HITPOINT WARNING * * *
You feel sick.
It was a potion of cure mutation.
It has a very clean taste.
You die...

#..# #..####.#####...# ###
##...##...##..# #..####..
......#.......## #.##...#
....o....##.....###
#....###
.........###.......##...##
#
.......(..###.##.......##
# .###......# #..###.....#
#..o.>o###..####.###.....
#.......@.<#..#.## #.###
.........######.## .#
..####.##.# ### # ##.
##.#.# # ##.# ###


You could see 3 orcs.

Vanquished Creatures
  3 ogres
  2 orc priests (D:3)
  An iguana (D:4)
  2 orc wizards (D:4)
  Ijyb (D:3)
  8 adders
  2 oozes
  5 worms
  2 dart slugs
  9 orcs
  8 bats
  2 giant cockroaches
  2 gnoll zombies (D:3)
  9 goblins
  12 hobgoblins
  2 jackals (D:2)
  10 kobolds
  A quokka (D:3)
  8 frilled lizards
  A leopard gecko skeleton (D:4)
  A quokka skeleton (D:4)
  10 rats
101 creatures vanquished.

Notes
Turn   | Place    | Note
-------+----------+-------------------------------------------
     0 | D:1      | HouseofHex the Minotaur Fighter began the quest for the Orb.
     0 | D:1      | Reached XP level 1. HP: 19/19 MP: 0/0
   143 | D:1      | Reached XP level 2. HP: 27/27 MP: 1/1
   500 | D:1      | Reached XP level 3. HP: 33/33 MP: 2/2
   993 | D:2      | Reached XP level 4. HP: 40/40 MP: 3/3
  1360 | D:3      | Reached skill level 1 in Short Blades
  1474 | D:3      | Noticed Ijyb
  1487 | D:3      | Killed Ijyb
  1590 | D:3      | Found a faded altar of an unknown god.
  1621 | D:3      | Reached XP level 5. HP: 46/46 MP: 4/4
  1627 | D:3      | Found a basalt altar of Yredelemnul.
  1860 | D:3      | Noticed an ogre
  1865 | D:3      | Killed an ogre
  1902 | D:3      | Reached XP level 6. HP: 27/53 MP: 5/5
  2125 | D:3      | Reached skill level 5 in Armour
  2669 | D:4      | Reached skill level 1 in Dodging
  2669 | D:4      | Reached skill level 5 in Shields
  2738 | D:4      | HP: 2/53 [something/puff of flame (12)]
  2771 | D:4      | Found a shadowy altar of Dithmenos.
  3140 | D:4      | Reached XP level 7. HP: 10/60 MP: 6/6
  3722 | D:4      | HP: 3/60 [poisoned by an orc wizard]
  3723 | D:4      | HP: 1/60 [poisoned by an orc wizard]
  3724 | D:4      | Succumbed to an orc wizard's poison

Skill      XL: |  1  2  3  4  5  6 |
---------------+-------------------+-----
Armour         | 4 5 |  5.8
Shields        | 4 5 |  5.5
Fighting       | 4 |  4.7
Short Blades   | 2 3 4 |  4.7
Dodging        | 1 |  1.9
Long Blades    | |  2.8
Maces & Flails | |  0.5

Action                   |  1- 3 |  4- 6 |  7- 9 || total
-------------------------+-------+-------+-------++-------
Melee: Long sword        |    10 |       |       ||    10
       Whip              |    71 |       |       ||    71
       Headbutt          |    18 |    37 |     1 ||    56
       Short sword       |    25 |   230 |    20 ||   275
  Use: Scroll            |     2 |     3 |     1 ||     6
       Potion            |       |     3 |     2 ||     5
  Eat: Meat ration       |       |     2 |       ||     2
       Chunk             |       |     1 |       ||     1
Armor: Scale mail        |    31 |    60 |    13 ||   104
       Skin              |       |    24 |       ||    24
Dodge: Dodged            |    26 |    41 |     4 ||    71
Block: Shield            |    47 |    83 |    11 ||   141
       Rpst.: Long sword |     1 |       |       ||     1
